 Dungeon Crawl Stone Soup version 0.21.1-1-g345015f (webtiles) character file.

342 suicidejoker the Skirmisher (level 6, 0/48 HPs)
             Began as a Demonspawn Fighter on May 5, 2018.
             Slain by a slave (1 damage)
             ... led by Pikel
             ... on level 4 of the Dungeon.
             The game lasted 00:05:49 (3941 turns).

suicidejoker the Skirmisher (Demonspawn Fighter)    Turns: 3941, Time: 00:05:50

Health: 0/48       AC:  8    Str: 15 (16) XL:     6   Next: 30%
Magic:  6/6        EV:  8    Int:  8 (9)  God:
Gold:   156        SH: 10    Dex: 13 (15) Spells: 5/5 levels left

rFire    + . .     SeeInvis .   a - +1 long sword
rCold    . . .     Gourm    .   c - +1 shield
rNeg     . . .     Faith    .   b - +0 scale mail
rPois    .         Spirit   .   (no helmet)
rElec    .         Reflect  .   (no cloak)
rCorr    .         Harm     .   (no gloves)
MR       .....                  s - +0 pair of boots
Stlth    ..........             (no amulet)
HPRegen  0.16/turn              w - ring of protection from fire
MPRegen  0.10/turn              (no ring)

@: very slightly contaminated, drained, invisible
A: talons 1, powered by death 1, sturdy frame 1
a: no special abilities


You were on level 4 of the Dungeon.
You were hungry.

You visited 1 branch of the dungeon, and saw 4 of its levels.

You collected 156 gold pieces.

Inventory:

Hand Weapons
 a - a +1 long sword (weapon)
 h - a +0 hunting sling of freezing
 l - a +0 dagger of draining
 o - a +0 blowgun
 q - a +2 whip of electrocution
Missiles
 j - 5 arrows
 k - 16 bolts
 m - 78 sling bullets
 n - 98 stones (quivered)
 A - 2 poisoned needles
Armour
 b - a +0 scale mail (worn)
 c - a +1 shield (worn)
 s - a +0 pair of boots (worn)
Jewellery
 w - a ring of protection from fire (left hand)
Scrolls
 z - a scroll of teleportation
Potions
 t - a potion of magic
 u - a potion of haste
 v - a potion of invisibility
Comestibles
 f - 5 rations


   Skills:
 + Level 3.9(3.8) Fighting
 * Level 3.8(3.7) Long Blades
 + Level 3.5(3.3) Armour
 + Level 2.0(1.9) Dodging
 + Level 3.5(3.4) Shields


You had 5 spell levels left.
You didn't know any spells.

Dungeon Overview and Level Annotations

Branches:
Dungeon (4/15)
 Temple: D:4-7

Altars:
Kikubaaqudgha
Okawaru

Annotations:
D:4 Pikel


Innate Abilities, Weirdness & Mutations

You have sharp toenails.
You regenerate a little health from kills.
Your movements are slightly less encumbered by armour. (ER -2)


Message History

The slave hits you.
* * * LOW HITPOINT WARNING * * *
The slave hits you.
* * * LOW HITPOINT WARNING * * *
You block Pikel's attack. The slave hits you.
* * * LOW HITPOINT WARNING * * *
The slave barely misses you.
Okay, then.
Okay, then.
Okay, then.
You fade into invisibility!
You block Pikel's attack. You block the slave's attack.
The slave barely misses you.
You are very lightly contaminated with residual magic.
You hit the slave but do no damage.
The slave is lightly wounded.
You block Pikel's attack. The slave hits you.
* * * LOW HITPOINT WARNING * * *
The slave hits you.
You die...

###(#
##.#.#
....####
#..(...
#..(..
#..pp #.#K#
#.#@# #.pp#
###'##
##...##
##.....##
##.......##
#.........#
+.........+
#.........#


You could see Pikel and 4 slaves.

Vanquished Creatures
  The ghost of zag the Sneak, an amateur NaIE (D:4)
  A hound (D:2)
  An orc priest (D:3)
  An orc wizard (D:3)
  5 adders
  3 worms (D:2)
  2 dart slugs (D:2)
  3 leopard geckos
  7 orcs (D:3)
  A ball python (D:3)
  A giant cockroach (D:3)
  6 goblins
  3 hobgoblins
  4 jackals (D:3)
  2 quokkas
  5 bats
  4 frilled lizards
  7 kobolds
  3 rats
60 creatures vanquished.

Notes
Turn   | Place    | Note
-------+----------+-------------------------------------------
     0 | D:1      | suicidejoker the Demonspawn Fighter began the quest for the Orb.
     0 | D:1      | Reached XP level 1. HP: 18/18 MP: 1/1
   294 | D:1      | Gained mutation: Your movements are slightly less encumbered by armour. (ER -2) [demonic ancestry]
   294 | D:1      | Reached XP level 2. HP: 21/24 MP: 2/2
  1117 | D:2      | Reached skill level 1 in Dodging
  1117 | D:2      | Reached XP level 3. HP: 24/29 MP: 3/3
  1529 | D:2      | Gained mutation: You regenerate a little health from kills. [demonic ancestry]
  1529 | D:2      | Reached XP level 4. HP: 28/35 MP: 4/4
  2682 | D:3      | Found an ancient bone altar of Kikubaaqudgha.
  2760 | D:3      | Reached XP level 5. HP: 11/41 MP: 5/5
  2980 | D:3      | HP: 2/41 [orc priest/divine providence (9)]
  3298 | D:3      | Found an iron altar of Okawaru.
  3755 | D:4      | Noticed zag's ghost (amateur NaIE)
  3763 | D:4      | Killed zag's ghost
  3763 | D:4      | Gained mutation: You have sharp toenails. [demonic ancestry]
  3763 | D:4      | Reached XP level 6. HP: 48/48 MP: 6/6
  3922 | D:4      | Noticed a slave
  3923 | D:4      | Noticed a slave
  3924 | D:4      | Noticed Pikel
  3927 | D:4      | Noticed a slave
  3928 | D:4      | Noticed a slave
  3931 | D:4      | Paralysed by Pikel for 2 turns
  3939 | D:4      | HP: 2/48 [slave[Pikel] (1)]
  3941 | D:4      | Slain by a slave

Skill      XL: |  1  2  3  4  5 |
---------------+----------------+-----
Long Blades    | 2 3 |  3.8
Armour         | 3 |  3.5
Dodging        | 1 2 |  2.0
Shields        | 3 |  3.5
Fighting       | |  3.9

Action                   |  1- 3 |  4- 6 || total
-------------------------+-------+-------++-------
Melee: Long sword        |   113 |   130 ||   243
       Unarmed           |       |     4 ||     4
 Fire: Hunting sling     |       |    13 ||    13
  Use: Potion            |     3 |     5 ||     8
       Scroll            |       |    11 ||    11
  Eat: Chunk             |     1 |     5 ||     6
       Ration            |       |     1 ||     1
Armor: Scale mail        |    52 |    76 ||   128
       Skin              |       |     2 ||     2
Dodge: Dodged            |    38 |    43 ||    81
Block: Shield            |    57 |    76 ||   133
       Rpst.: Long sword |    12 |    10 ||    22
